Map: Blueshift LE

Players

Serral

  • Race: Zerg Zerg
  • Spawn Location: 1:00

Reynor - Winner!

  • Race: Zerg Zerg
  • Spawn Location: 7:00

Event: WCS Montreal 2018

VOD

Have the link to the VOD?

Description

Time

  • Played on: Sept. 9, 2018, 5:31 p.m.
  • Length: 6:55

All games in this series

Show
View Real Time Build Order
Export as new Build Order

Serral Zerg 

Build Orders: Hatch First, Zergling Baneling 

Get SALT Encoding   

  12  0:00  Drone  
  13  0:12  Overlord  
  13  0:16  Drone  
  14  0:30  Drone x2  
  16  0:47  Hatchery  
  15  0:50  Drone  
  15  0:54  Drone  
  17  0:57  Drone  
  18  1:08  Extractor  
  17  1:12  Spawning Pool  
  17  1:15  Drone  
  17  1:18  Drone  
  18  1:27  Drone  
  19  1:39  Overlord  
  19  1:48  Drone  
  20  1:58  Queen  
  20  1:59  Queen  
  24  2:05  Drone x2  
  24  2:08  Metabolic Boost  
  26  2:10  Drone  
  26  2:11  Drone  
  28  2:22  Drone x2  
  30  2:31  Zergling x2  
  30  2:32  Zergling x2  
  32  2:42  Zergling x4  
  34  2:45  Hatchery  
  33  2:53  Baneling Nest  
  33  2:54  Overlord  
  33  2:57  Drone  
  33  3:04  Zergling x4  
  35  3:07  Drone  
  35  3:09  Overlord  
  36  3:17  Drone  
  36  3:19  Drone x3  
  40  3:26  Zergling x2  
  41  3:28  Zergling x4  
  41  3:31  Queen  
  45  3:37  Baneling  
  44  3:43  Zergling x8  
  45  3:49  Zergling x2  
  43  3:59  Zergling x10  
  39  4:05  Zergling x4  
  39  4:09  Baneling x2  
  37  4:11  Zergling x2  
  37  4:16  Baneling x2  
  38  4:18  Queen  
  38  4:23  Baneling x2  
  40  4:25  Zergling x8  
  43  4:40  Zergling x10  
  48  4:47  Baneling x2  
  48  4:52  Zergling x6  
  49  5:07  Drone x2  
  44  5:31  Zergling x2  
  44  5:32  Zergling x24  
  57  5:41  Overlord x2  
  57  5:51  Zergling x2  
  58  6:05  Zergling x8  
  58  6:06  Baneling x11  
  58  6:08  Zergling x2  
  63  6:12  Zergling x2  
  63  6:15  Baneling  
  64  6:20  Zergling x6  
  64  6:23  Zergling x2  
  64  6:25  Zergling x2  
  64  6:31  Zergling x4  
  61  6:34  Zergling x2  
  61  6:37  Zergling x2  
  61  6:38  Zergling x2  
Show
View Real Time Build Order
Export as new Build Order

Reynor Zerg - Winner!

Build Orders: Hatch First 

Get SALT Encoding   

  12  0:00  Drone  
  13  0:12  Overlord  
  13  0:16  Drone  
  14  0:30  Drone x2  
  16  0:37  Drone  
  17  0:52  Hatchery  
  17  0:54  Drone  
  17  0:57  Drone  
  18  1:05  Extractor  
  17  1:13  Spawning Pool  
  17  1:15  Drone  
  17  1:19  Drone  
  18  1:27  Drone  
  19  1:39  Overlord  
  19  2:00  Zergling x4, Queen  
  23  2:04  Zergling x2  
  23  2:05  Metabolic Boost  
  23  2:07  Queen  
  26  2:11  Drone  
  26  2:14  Drone  
  28  2:24  Drone  
  28  2:27  Drone  
  30  2:38  Hatchery  
  30  2:39  Drone  
  30  2:46  Drone  
  30  2:47  Overlord  
  30  2:50  Zergling x2  
  32  2:54  Zergling x2  
  33  3:01  Zergling x2  
  33  3:05  Zergling x2  
  35  3:08  Zergling x4  
  35  3:09  Zergling x4  
  39  3:15  Zergling x6  
  39  3:19  Overlord  
  42  3:24  Drone  
  43  3:30  Drone  
  44  3:35  Overlord  
  44  3:40  Zergling x6  
  47  3:41  Drone x2  
  45  3:52  Zergling x6  
  45  3:53  Overlord  
  47  3:58  Drone  
  47  4:02  Roach Warren  
  45  4:03  Drone  
  41  4:10  Drone  
  41  4:11  Queen  
  41  4:13  Queen  
  46  4:20  Drone  
  45  4:46  Roach x2  
  45  4:47  Roach x6  
  45  4:48  Zergling x6  
  63  4:53  Queen  
  63  4:57  Roach  
  63  4:59  Zergling x4  
  68  5:00  Zergling x2  
  67  5:08  Overlord  
  67  5:13  Roach  
  63  5:18  Drone x4  
  63  5:19  Queen  
  63  5:24  Drone x2  
  65  5:28  Baneling Nest  
  65  5:30  Zergling x2  
  65  5:37  Extractor, Roach  
  66  5:44  Roach  
  66  5:45  Drone x2  
  66  5:49  Zergling x6  
  73  5:53  Roach  
  75  5:58  Overlord  
  75  5:59  Zergling x2  
  75  6:00  Zergling x2  
  77  6:06  Zergling x6  
  80  6:11  Baneling  
  80  6:12  Baneling x2  
  80  6:17  Baneling  
  80  6:18  Zergling x2  
  80  6:19  Zergling x6  
  80  6:23  Baneling  
  80  6:31  Zergling x8  
  77  6:34  Roach  
  77  6:35  Roach  
  77  6:38  Zergling x2  
Tags
 
Add a new tag
Caveats
  • Supply blocks, unpowered buildings, or Contaminate may cause inaccurate times.
  • Supply counts are checked every 10 seconds.